 Dungeon Sprint DCSS version 0.20-a0-507-gc86f373 (console) character file.

6 sorlin the Digger (level 1, -3/14 HPs)
             Began as a Draconian Earth Elementalist on Jan 21, 2017.
             Slain by a phantom (5 damage)
             ... in the Dungeon (Sprint IX: "|||||||||||||||||||||||||||||").
             The game lasted 00:01:24 (163 turns).

sorlin the Digger (Draconian Earth Elementalist)     Turns: 163, Time: 00:01:25

Health: -3/14      AC:  4    Str: 10    XL:     1   Next: 75%
Magic:  2/4        EV: 12    Int: 15    God:
Gold:   0          SH:  0    Dex: 11    Spells: 4/5 levels left

rFire    . . .     SeeInvis .   a - +0 short sword
rCold    . . .     Gourm    .   (armour unavailable)
rNeg     . . .     Faith    .   (no shield)
rPois    .         Spirit   .   (helmet restricted)
rElec    .         Reflect  .   (no cloak)
rCorr    .         Harm     .   (no gloves)
MR       .....     NoTele   +   (no boots)
Stlth    ++........             (no amulet)
Regen    0.1/turn               (no ring)
                                (no ring)

@: no status effects
A: unfitting armour, cold-blooded, AC +4
a: no special abilities


You were in the Dungeon.
You were not hungry.

You visited 1 branch


Innate Abilities, Weirdness & Mutations

Your plain brown scales are hard. (AC +4)
You cannot fit into any form of body armour.
You are cold-blooded and may be slowed by cold attacks.


   Skills:
 + Level 2.5 Dodging
 - Level 1.7 Stealth
 + Level 2.7 Spellcasting
   Level 1.0 Transmutations
 + Level 3.6 Earth Magic


You had 4 spell levels left.
You knew the following spells:

 Your Spells              Type           Power        Failure   Level  Hunger
a - Sandblast             Erth           ##....       6%          1    #......

Inventory:

Hand Weapons
 a - a +0 short sword (weapon)
Missiles
 b - 26 stones (quivered)
Scrolls
 i - a scroll of blinking
Potions
 d - a potion of curing
 e - a potion of heal wounds {!q}
 f - a potion of haste {!q}
 g - 2 potions of magic {!q}
 h - a potion of berserk rage {!q}
Books
 j - a book of Geomancy

   Spells                             Type                      Level
   a - Sandblast                      Earth                        1
   b - Passwall                       Transmutation/Earth          2
   c - Stone Arrow                    Conjuration/Earth            3
   d - Petrify                        Transmutation/Earth          4
   e - Lee's Rapid Deconstruction     Earth                        5
Comestibles
 c - a bread ration {!e}


Message History

You closely miss the kobold.
The kobold is heavily wounded.
The kobold barely misses you.
Your magical contamination has completely faded away.
You hit the kobold.
You kill the kobold!
Things that are here:
a short sword; a kobold corpse; a bat corpse You see here a dart slug corpse.
Things that are here:
a short sword; a kobold corpse; a bat corpse
a - a short sword
a - a +0 short sword (weapon)
You start resting.
Magic restored.
You start resting.
HP restored.
You see here a rat corpse.
There is an open door to the Dungeon here.
You see here a rat corpse.
Things that are here:
a kobold corpse; a bat corpse You see here a dart slug corpse.
You open the door. 2 orcs, a crimson imp, a phantom and a skeleton come into view.
The orc shouts!
The crimson imp shouts!
The orc shouts!
The crimson imp blinks!
Aiming: Sandblast
Aim: a phantom The blast of sand hits the phantom.
The phantom is lightly damaged.
b - 27 stones The phantom misses you.
The crimson imp hits you.
You take 2 damage.
Aiming: Sandblast
Aim: a phantom (lightly damaged)
The blast of sand hits the phantom.
The phantom is moderately damaged.
b - 26 stones The phantom hits you!
Ouch! That really hurt!
* * * LOW HITPOINT WARNING * * *
The orc jeers loudly.
The crimson imp closely misses you.
You take 8 damage.
You barely miss the crimson imp. The phantom misses you.
The crimson imp hits you.
* * * LOW HITPOINT WARNING * * *
You take 2 damage.
You closely miss the crimson imp. The phantom hits you.
You die... █+█ █.█ █.█ █.█ █Z█ █o█ █o█ █W█

█@█
█5█
█†█
█†█
█'█
█.█
█.█
█.█
█<█
███


You could see a phantom, a crimson imp, 2 orcs and a bat skeleton.

Vanquished Creatures
  A dart slug (D)
  A kobold (D)
  A bat (D)
  2 rats (D)
5 creatures vanquished.

Notes
Turn   | Place    | Note
-------+----------+-------------------------------------------
     0 | D        | sorlin the Draconian Earth Elementalist began the quest for the Orb.
     0 | D        | Reached XP level 1. HP: 14/14 MP: 3/3
     6 | D        | Reached skill level 2 in Dodging
   158 | D        | Noticed a crimson imp
   158 | D        | Noticed a phantom
   161 | D        | HP: 4/14 [phantom (8)]
   163 | D        | Slain by a phantom

Vault maps used:
D:        linesprint

Action                   || total
-------------------------++-------
Melee: Unarmed           ||    43
       Tailslap          ||     3
       Short sword       ||     2
 Cast: Sandblast         ||     4
Armor: Skin              ||    13
Dodge: Dodged            ||    52
